 Dungeon Crawl Stone Soup version 0.24-a0-58-gc8b47a3 (webtiles) character file.

Game seed: 532457481920321399

44 TheGoonsmith the Slasher (level 3, -4/28 HPs)
             Began as a Demonspawn Gladiator on Feb 4, 2019.
             Slain by Sigmund
             ... wielding a +3 scythe of slicing
              (10 damage)
             ... on level 2 of the Dungeon.
             The game lasted 00:01:41 (1563 turns).

TheGoonsmith the Slasher (Demonspawn Gladiator)     Turns: 1563, Time: 00:01:41

Health: -4/28      AC:  7    Str: 15    XL:     3   Next: 39%
Magic:  3/3        EV: 10    Int:  9    God:
Gold:   98         SH:  0    Dex: 14    Spells: 2/2 levels left

rFire    . . .     SeeInvis .   a - +0 long sword
rCold    . . .     Gourm    .   (no shield)
rNeg     . . .     Faith    .   m - +0 scale mail
rPois    .         Spirit   .   c - +0 helmet
rElec    .         Reflect  .   (no cloak)
rCorr    .         Harm     .   (no gloves)
MR       .....                  (no boots)
Stlth    ..........             (no amulet)
HPRegen  0.09/turn              (no ring)
MPRegen  0.08/turn              (no ring)

@: no status effects
A: powered by pain 2
a: no special abilities


You were on level 2 of the Dungeon.
You were very hungry.

You visited 1 branch of the dungeon, and saw 2 of its levels.

You collected 98 gold pieces.

Inventory:

Hand Weapons
 a - a +0 long sword (weapon)
Missiles
 d - 2 throwing nets (quivered)
Armour
 b - a +0 leather armour
 c - a +0 helmet (worn)
 m - a +0 scale mail (worn)
Jewellery
 g - a +2 ring of protection {unknown}
 i - a +2 amulet of reflection {unknown}
Scrolls
 e - a scroll of identify {unknown}
 l - a scroll of teleportation {unknown}
Potions
 h - a potion of curing {unknown}
 j - a potion of haste {unknown}
 k - 2 potions of agility {unknown}
Comestibles
 f - 2 rations


   Skills:
 + Level 2.5 Fighting
 * Level 3.5 Long Blades
 - Level 1.7 Throwing
 - Level 3.0 Dodging


You had 2 spell levels left.
You didn't know any spells.
Your spell library was empty.

Dungeon Overview and Level Annotations

Branches:
Dungeon (2/15)

Altars:

Annotations:
D:2 Sigmund


Innate Abilities, Weirdness & Mutations

You sometimes gain power by taking damage.


Message History

You hear some strange, mumbled words.
Something tries to affect you, but you resist.
Something wriggles in the net.
All of a sudden the net rips apart!
You miss something.
You are feeling very hungry.
You miss something.
You hear some strange, mumbled words.
A magic dart appears from out of thin air!
The magic dart hits you.
You hit something.
You hear some strange, mumbled words.
A puff of flame appears from out of thin air!
The puff of flame hits you! Something hits you.
You closely miss something. You slash something! Something hits you.
Your scale mail prevents you from hitting something.
Something hits you!
* * * LOW HITPOINT WARNING * * *
x2 Something hits you!
You die...

#.##...#...##.# #.#
#.#
#...#...##.###.####
##
#.................#
....#######.###.##.#
####+# #.# #.##.#
##$..# #.###.##.#
##....{## #.##.#.#.#
#.......## #.#.#.##.#
........@###.....##.#
.........'.....#.##.#
.........###..###...#
#.......## #.## ##.##
##.....## ##.###.##
##...# ##.#.## ##+#
##.## #.# #.#


There were no monsters in sight!

Vanquished Creatures
  2 adders (D:2)
  A dart slug (D:1)
  2 leopard geckos
  A bat (D:2)
  A giant cockroach (D:1)
  4 hobgoblins (D:1)
  6 frilled lizards (D:1)
  3 goblins (D:1)
  A kobold (D:1)
  4 rats
25 creatures vanquished.

Notes
Turn   | Place    | Note
-------+----------+-------------------------------------------
     0 | D:1      | TheGoonsmith the Demonspawn Gladiator began the quest for
                  | the Orb.
     0 | D:1      | Reached XP level 1. HP: 16/16 MP: 1/1
     6 | D:1      | Noticed a black bear
     6 | D:1      | Noticed an iguana
     7 | D:1      | Noticed a rime drake
     7 | D:1      | Noticed a black mamba
   360 | D:1      | Gained mutation: You sometimes gain a little power by
                  | taking damage. [demonic ancestry]
   360 | D:1      | Reached XP level 2. HP: 20/22 MP: 2/2
  1056 | D:2      | Gained mutation: You sometimes gain power by taking damage.
                  | [demonic ancestry]
  1056 | D:2      | Reached XP level 3. HP: 23/28 MP: 3/3
  1549 | D:2      | Noticed Sigmund
  1563 | D:2      | Slain by Sigmund

Vault maps used:
D:1:      onia_arrival_zoo_common, corexii_hall_statues_deadend,
          roderic_roman_lattice, minmay_misc_feat_more_columns
D:2:      grunt_ministairs_9, minmay_misc_feat_hallway, uniq_sigmund

Skill      XL: |  1  2 |
---------------+-------+-----
Long Blades    | 3 |  3.5
Dodging        | 3 |  3.0
Fighting       | |  2.5
Throwing       | |  1.7

Action                   || total
-------------------------++-------
Melee: Long sword        ||    68
Throw: Throwing net      ||     1
 Stab: Sleeping          ||     2
  Eat: Chunk             ||     1
Armor: Leather armour    ||    18
Dodge: Dodged            ||    31
       Rpst.: Long sword ||     9

Table legend:
 A = Non-vault XP
 B = Vault XP
 C = Vault XP percentage of total XP
 D = Non-vault monster count
 E = Vault monster count
 F = Vault count percentage of total count
                 A         B        C        D         E       F
            +---------+---------+-------+---------+---------+-------
      Total |      63 |       0 |   0.0 |      25 |       0 |   0.0
            +---------+---------+-------+---------+---------+-------
        D:1 |      31 |       0 |   0.0 |      20 |       0 |   0.0
        D:2 |      32 |       0 |   0.0 |       5 |       0 |   0.0
            +---------+---------+-------+---------+---------+-------
